 Dungeon Crawl Stone Soup version 0.30-a0-553-g7fabdf1491 (webtiles) character file.

Game seed: 3763200957092933455

9382 Newt the Basher (level 11, 0/81 HPs)
             Began as a Demonspawn Gladiator on Dec 26, 2022.
             Was a High Priest of Okawaru.
             Constricted to death by a naga (3 damage)
             ... on level 2 of the Lair of Beasts.
             The game lasted 00:13:07 (11689 turns).

Newt the Basher (Demonspawn Gladiator)             Turns: 11689, Time: 00:13:08

Health: 0/81       AC: 19    Str: 18    XL:     11   Next: 22%
Magic:  14/14      EV: 10    Int: 10    God:    Okawaru [*****.]
Gold:   489        SH:  0    Dex: 19    Spells: 10/10 levels left

rFire   . . .      SeeInvis .    l - +4 whip (elec)
rCold   + . .      Faith    .    (no shield)
rNeg    + . .      Spirit   .    G - +2 leather armour {Will+}
rPois   +          Reflect  .    L - +2 hat {Stlth+}
rElec   .          Harm     .    y - +0 cloak
rCorr   .          Rampage  .    (no gloves)
Will    +....                    D - +0 pair of boots
Stlth   +++                      u - amulet of the acrobat
HPRegen 0.33/turn                r - ring of positive energy
MPRegen 0.14/turn                F - ring "Lakk" {rPois Dex+4}

@: lethally poisoned (0 -> -2), sanguine armoured, constricted
A: hooves 2, foul stench 1, sanguine armour 2, cold resistance 1, subdued magic
1, MP-powered wands
a: Renounce Religion, Heroism, Finesse, Duel


You were on level 2 of the Lair of Beasts.
You worshipped Okawaru.
Okawaru was extremely pleased with you.
You visited 2 branches of the dungeon, and saw 10 of its levels.

You collected 489 gold pieces.

Inventory:

Hand Weapons
 a - a +0 rapier
 l - a +4 whip of electrocution (weapon)
Missiles
 e - 5 javelins (quivered)
 j - 33 poisoned darts
 w - 8 boomerangs
 A - 3 boomerangs of dispersal
 C - a curare-tipped dart
Armour
 b - a +0 leather armour
 c - a +1 helmet
 y - a +0 cloak (worn)
 D - a +0 pair of boots (worn)
 E - a +2 plate armour of fire resistance
 G - a +2 leather armour of willpower (worn)
 H - +0 acid dragon scales
 K - a +0 helmet of see invisible
 L - a +2 hat of stealth (worn)
Jewellery
 f - a ring of fire
 h - a ring of flight
 i - a ring of ice
 r - a ring of positive energy (left hand)
 t - a ring of ice
 u - an amulet of the acrobat (around neck)
 F - the ring "Lakk" (right hand) {rPois Dex+4}
   (You found it on level 1 of the Lair of Beasts)

   [ring of poison resistance]

   Dex:       It affects your dexterity (+4).
   rPois:     It protects you from poison.
 I - a ring of poison resistance
Wands
 k - a wand of charming (4)
 q - a wand of mindburst (17)
 s - a wand of digging (5)
Scrolls
 d - a scroll of poison
 n - a scroll of teleportation
 x - 3 scrolls of blinking
 J - a scroll of identify
Potions
 g - 5 potions of degeneration
 m - 4 potions of flight
 o - 3 potions of attraction
 p - 3 potions of berserk rage
 v - a potion of heal wounds
 z - a potion of lignification
 B - a potion of ambrosia


   Skills:
 - Level 6.0 Fighting
 - Level 2.6 Short Blades
 - Level 10.0 Maces & Flails
 - Level 5.0 Throwing
 - Level 8.0 Armour
 + Level 3.5 Dodging
 - Level 3.0 Stealth
 - Level 5.0 Invocations
 - Level 5.0 Evocations


You had 10 spell levels left.
You didn't know any spells.
Your spell library contained the following spells:

 Spells                   Type           Power      Damage    Failure   Level
 Sublimation of Blood     Necr           0%         N/A       50%         2
 Wereblood                Tmut           0%         N/A       50%         2
 Inner Flame              Hex/Fire       0%         N/A       75%         3
 Flame Wave               Conj/Fire      0%         2d4       99%         4
 Sticky Flame             Conj/Fire      0%         2d3       99%         4
 Summon Hydra             Summ           Unusable   N/A       N/A         7

Dungeon Overview and Level Annotations

Branches:
Dungeon (9/15)             Temple (0/1) D:7            Lair (2/5) D:8
  Snake (0/4) Lair:2
  Swamp: Lair:2-3    Shoals: Lair:2-3       Orc: D:9-12

Altars:
Dithmenos
Kikubaaqudgha
Okawaru


Innate Abilities, Weirdness & Mutations

You have hoof-like feet.
You may rarely emit foul miasma when damaged in melee.
When seriously injured, your blood forms thick armour. (AC +9)
Your flesh is cold resistant. (rC+)
Your spells are a little easier to cast, but a little less powerful.
You expend magic power (3 MP) to strengthen your wands.


Message History

The naga is heavily wounded.
You feel sick. The naga hits you with a +0 long sword! The naga constricts you.
You are too injured to fight recklessly!
You are too injured to fight recklessly!
You are too injured to fight recklessly!
You are too injured to fight recklessly!
You are too injured to fight recklessly!
You are too injured to fight recklessly!
You are too injured to fight recklessly!
You are too injured to fight recklessly!
You are too injured to fight recklessly!
You are too injured to fight recklessly!
You are too injured to fight recklessly!
You are too injured to fight recklessly!
You are too injured to fight recklessly!
You are too injured to fight recklessly!
You are too injured to fight recklessly!
You are too injured to fight recklessly!
You are too injured to fight recklessly!
You are too injured to fight recklessly!
Unknown command.
You completely miss the naga.
The naga is heavily wounded.
You feel sick.
You hit the naga but do no damage.
The naga is heavily wounded.
You feel sick. The naga hits you with a +0 long sword. The naga constricts you.
You closely miss the naga.
The naga is heavily wounded.
You barely miss the naga.
The naga is heavily wounded.
You feel sick.
The naga hits you with a +0 long sword!!
* * * LOW HITPOINT WARNING * * *
The naga constricts you.
* * * LOW HITPOINT WARNING * * *
You barely miss the naga.
The naga is heavily wounded.
You feel sick. The naga completely misses you. The naga constricts you.
You die...

.....P#.....# ...F..#
..............PP .....P#...
.........PP♣ ..........
#........P.♣♣ ..<..##...
#.........P.PP .......... #
............P .$...####. #P
............ .....#
#..#N...#...... .....#
.##..@.......... ..YY.#
#...#....#...... .YYY##
................./ ..Y...
.###...###..##...
.....YY...#.......#..#
#..P.#Y...#.......#.### .
...#.................##....
..##.........>.............
.#................####....


You could see a naga.

Vanquished Creatures
  A two-headed ogre (D:8)
  2 black mambas
  2 cane toads (Lair:2)
  A rime drake (Lair:1)
  4 komodo dragons
  Prince Ribbit (D:7)
  4 blink frogs (Lair:1)
  2 wraiths
  A wyvern (D:7)
  A basilisk (Lair:1)
  12 yaks (Lair:1)
  A steam dragon (D:8)
  3 nagas
  An acid dragon (D:8)
  3 water moccasins
  2 ice beasts
  2 orc warriors
  A sky beast (D:6)
  3 centaurs
  5 wolves (Lair:1)
  A phantom (D:7)
  4 kobold brigands
  3 bullfrogs
  A necrophage (D:6)
  A scorpion (D:4)
  A howler monkey (D:7)
  An electric eel (Lair:2)
  A vampire bat (Lair:1)
  2 hounds
  A gnoll bouda (D:6)
  A jelly (D:7)
  Crazy Yiuf (D:3)
  2 orc wizards (D:8)
  6 adders
  8 gnolls
  2 white imps (D:7)
  An ufetubus (D:6)
  2 worms
  2 dart slugs
  16 orcs
  13 bats
  3 endoplasms
  4 hobgoblins
  5 jackals (D:3)
  29 kobolds
  3 quokkas
  6 ball pythons
  5 frilled lizards (D:1)
  8 goblins
  8 rats
193 creatures vanquished.

Vanquished Creatures (others)
  9 fungi
  47 plants
56 creatures vanquished.

Grand Total: 249 creatures vanquished

Notes
Turn   | Place    | Note
-------+----------+-------------------------------------------
     0 | D:1      | Newt the Demonspawn Gladiator began the quest for the Orb.
     0 | D:1      | Reached XP level 1. HP: 16/16 MP: 1/1
    48 | D:1      | Reached skill level 1 in Stealth
   160 | D:1      | Gained mutation: You have large cloven feet. [demonic
                  | ancestry]
   160 | D:1      | Reached XP level 2. HP: 13/22 MP: 2/2
   615 | D:1      | Reached XP level 3. HP: 27/27 MP: 3/3
  1245 | D:2      | Found an iron altar of Okawaru.
  1338 | D:2      | Reached skill level 1 in Maces & Flails
  1433 | D:2      | Became a worshipper of Warmaster Okawaru
  1788 | D:3      | Reached XP level 4. HP: 24/33 MP: 4/4
  1914 | D:3      | Found a faded altar of an unknown god.
  1934 | D:3      | Found an iron altar of Okawaru.
  2248 | D:3      | Reached skill level 2 in Maces & Flails
  2288 | D:3      | Found a runed translucent door.
  2289 | D:3      | Noticed Crazy Yiuf
  2533 | D:3      | Killed Crazy Yiuf
  2676 | D:4      | Reached skill level 3 in Maces & Flails
  2676 | D:4      | Reached XP level 5. HP: 34/38 MP: 5/5
  2928 | D:4      | You are sucked into a shaft and drop 2 floors!
  3009 | D:6      | Noticed a centaur
  3026 | D:6      | Killed a centaur
  3027 | D:6      | Reached skill level 4 in Maces & Flails
  3027 | D:6      | Reached XP level 6. HP: 30/44 MP: 6/6
  3242 | D:6      | Reached skill level 5 in Maces & Flails
  3554 | D:6      | Gained mutation: You expend magic power (3 MP) to
                  | strengthen your wands. [potion of mutation]
  3554 | D:6      | Gained mutation: Armour fits poorly on your strangely
                  | shaped body. [potion of mutation]
  3554 | D:6      | Gained mutation: You are partially covered in large bone
                  | plates. (SH +4) [potion of mutation]
  3555 | D:6      | Lost mutation: You are partially covered in large bone
                  | plates. (SH +4) [potion of mutation]
  3555 | D:6      | Lost mutation: Armour fits poorly on your strangely shaped
                  | body. [potion of mutation]
  3555 | D:6      | Gained mutation: Your spells are a little easier to cast,
                  | but a little less powerful. [potion of mutation]
  3555 | D:6      | Gained mutation: Your flesh is cold resistant. (rC+)
                  | [potion of mutation]
  3588 | D:6      | Noticed an orc warrior
  3616 | D:6      | Killed an orc warrior
  3617 | D:6      | Reached skill level 6 in Maces & Flails
  3617 | D:6      | Gained mutation: When seriously injured, your blood forms
                  | armour. (AC +9) [demonic ancestry]
  3617 | D:6      | Reached XP level 7. HP: 23/51 MP: 7/7
  4146 | D:6      | Reached * piety under Okawaru
  4147 | D:6      | Reached skill level 5 in Fighting
  4493 | D:7      | Found a staircase to the Ecumenical Temple.
  4830 | D:7      | Noticed a wraith
  4841 | D:7      | Killed a wraith
  4842 | D:7      | Reached skill level 1 in Armour
  4842 | D:7      | Gained mutation: When seriously injured, your blood forms
                  | thick armour. (AC +9) [demonic ancestry]
  4842 | D:7      | Reached XP level 8. HP: 23/64 MP: 8/8
  5980 | D:7      | Noticed Prince Ribbit
  5989 | D:7      | Killed Prince Ribbit
  5989 | D:7      | Reached ** piety under Okawaru
  6104 | D:7      | Reached skill level 5 in Armour
  6877 | D:8      | Found a staircase to the Lair.
  6877 | D:8      | Found a shadowy altar of Dithmenos.
  6899 | D:8      | Noticed a two-headed ogre
  6902 | D:8      | Gained mutation: You have hoof-like feet. [demonic
                  | ancestry]
  6902 | D:8      | Reached XP level 9. HP: 48/69 MP: 9/9
  7128 | D:8      | Reached skill level 5 in Evocations
  7171 | D:8      | Reached *** piety under Okawaru
  7318 | D:8      | Reached skill level 5 in Invocations
  7425 | D:8      | Killed a two-headed ogre
  7425 | D:8      | Reached **** piety under Okawaru
  7426 | D:8      | Reached skill level 7 in Maces & Flails
  7859 | Lair:1   | Entered Level 1 of the Lair of Beasts
  7907 | Lair:1   | Reached skill level 8 in Maces & Flails
  8088 | Lair:1   | Identified the ring "Lakk" {rPois Dex+4}
  8213 | Lair:1   | Reached XP level 10. HP: 62/76 MP: 13/13
  8460 | Lair:1   | Reached ***** piety under Okawaru
  9094 | Lair:1   | Found an ancient bone altar of Kikubaaqudgha.
  9145 | Lair:1   | Noticed a black mamba
  9162 | Lair:1   | Killed a black mamba
  9438 | Lair:1   | Reached skill level 5 in Throwing
  9782 | Lair:2   | Found a staircase to the Snake Pit.
 10240 | Lair:2   | Noticed a cane toad
 10259 | Lair:2   | Killed a cane toad
 10259 | Lair:2   | Received a gift from Okawaru
 10270 | Lair:2   | Reached skill level 9 in Maces & Flails
 10359 | Lair:2   | Gained mutation: You may rarely emit foul miasma when
                  | damaged in melee. [demonic ancestry]
 10359 | Lair:2   | Reached XP level 11. HP: 54/81 MP: 14/14
 10851 | Lair:1   | Reached skill level 10 in Maces & Flails
 11688 | Lair:2   | HP: 4/81 [constriction (3)]
 11689 | Lair:2   | Constricted to death by a naga

Illustrated notes

Levels and vault maps discovered:
D:1:      lightli_molten_gateway, layout_basic, serial_aquarium,
          aquarium_bridge_square [aquarium_subvault_bridge,
          aquarium_subvault_window, aquarium_subvault_window,
          aquarium_subvault_bridge], aquarium_bridge_square
          [aquarium_subvault_bridge, aquarium_subvault_bridge,
          aquarium_subvault_bridge, aquarium_subvault_wall], aquarium_window_1,
          aquarium_window_corner, aquarium_view_2c, aquarium_view_2d,
          aquarium_pool_2, minmay_misc_feat_pillars
D:2:      layout_rooms, basic_altar, nicolae_kite_square_tiling_tiny,
          chequers_serial_rivers_large_a, minmay_misc_feat_doors,
          eino_tiny_chamber
D:3:      layout_loops_ring, lemuel_crystal_altar,
          nicolae_ecumenical_lake_church, nicolae_elevator_lobby_asterisk,
          uniq_crazy_yiuf_cottage
D:4:      layout_gridville
D:6:      layout_cave_pods
D:7:      layout_basic, minmay_temple_entry_mist, minmay_crystal_room,
          uniq_prince_ribbit1
D:8:      nicolae_cairo_tiling, layout_loops_ring, grunt_dithmenos_smoke,
          lair_entry_dummy
D:9:      layout_long_grid, kennysheep_orc_monster_closet_entryway,
          dk_noncrumbling_4, nicolae_diode_intersection
Lair:1:   layout_hall_layers, basic_altar, roderic_batcave,
          infiniplex_staircase_pool_2
Lair:2:   layout_gridlike, minmay_snake_entry_guardpost_small, serial_bayou,
          serial_bayou_lake_a, serial_bayou_pond_d, serial_bayou_shore_b,
          serial_bayou_ford_a, serial_bayou_pond_b

Skill      XL: |  1  2  3  4  5  6  7  8  9 10 11 |
---------------+----------------------------------+-----
Stealth        | 1 2 3 |  3.0
Maces & Flails | 1 3 4 6 8 9 10 | 10.0
Fighting       | 6 |  6.0
Armour         | 1 5 6 8 |  8.0
Evocations     | 4 5 |  5.0
Invocations    | 5 |  5.0
Throwing       | 5 |  5.0
Dodging        | 3 |  3.5
Short Blades   | |  2.6

Action                   |  1- 3 |  4- 6 |  7- 9 | 10-12 || total
-------------------------+-------+-------+-------+-------++-------
Melee: Rapier            |    65 |       |       |       ||    65
       Kick              |    14 |    25 |    28 |       ||    67
       Whip              |    38 |    95 |   318 |   308 ||   759
       Punch             |       |       |     2 |     6 ||     8
Throw: Throwing net      |       |     2 |     1 |     3 ||     6
       Dart              |       |       |     7 |    10 ||    17
       Javelin           |       |       |       |     3 ||     3
       Boomerang         |       |       |       |     1 ||     1
Evoke: Wand              |       |       |       |     1 ||     1
  Use: Scroll            |     3 |     5 |     6 |     3 ||    17
       Potion            |       |     4 |     4 |     7 ||    15
 Stab: Sleeping          |     5 |     9 |     1 |     1 ||    16
       Held in net/web   |       |     1 |       |     4 ||     5
       Distracted        |       |       |     1 |       ||     1
Armor: Leather armour    |    31 |    24 |    84 |   115 ||   254
Dodge: Dodged            |    56 |    87 |   160 |   209 ||   512

Table legend: (Time is in decaauts)
 A = Elapsed time spent in this place.
 B = Non-inter-level travel time spent in this place.
 C = Inter-level travel time spent in this place.
 D = Time resting spent in this place.
 E = Time spent auto-exploring this place.
 F = Levels seen in this place.
 G = Mean time per level.
                   A        B        C        D        E       F      G
               +--------+--------+--------+--------+--------+-----+--------+
         Total |  11556 |  10947 |    609 |   3768 |   5505 |  10 | 1155.6 |
       Dungeon |   7837 |   7316 |    521 |   1750 |   4438 |   8 |  979.6 |
          Lair |   3719 |   3631 |     88 |   2018 |   1066 |   2 | 1859.5 |
               +--------+--------+--------+--------+--------+-----+--------+

Top non-repeatable levels by time:
  Lair:1: 3083 daAuts
     D:7: 1908 daAuts
     D:6: 1528 daAuts
     D:8: 1448 daAuts
     D:1: 1035 daAuts
     D:3: 839 daAuts
     D:2: 757 daAuts
  Lair:2: 636 daAuts
     D:4: 311 daAuts
     D:9: 6 daAuts
